Map: 광부 대피

Players

테라진

  • Race: Terran Terran
  • Spawn Location: 7:00

밤하늘

  • Race: Protoss Protoss
  • Spawn Location: 7:00

VOD

Have the link to the VOD?

Description

Time

  • Played on: Feb. 13, 2019, 3:06 a.m.
  • Length: 15:09
Show
View Real Time Build Order
Export as new Build Order

테라진 Terran 

Build Orders:  

Get SALT Encoding   

  12  0:04  SCV  
Show
View Real Time Build Order
Export as new Build Order

밤하늘 Protoss 

Build Orders:  

Get SALT Encoding   

  12  0:02  Probe (Chrono Boost)  
  13  0:16  Probe (Chrono Boost)  
  14  0:30  Probe (Chrono Boost)  
  14  0:36  Xel'Naga Passageway  
  15  0:44  Probe (Chrono Boost)  
  16  0:58  Probe (Chrono Boost)  
  17  1:08  Xel'Naga Passageway  
  17  1:11  Probe (Chrono Boost)  
  18  1:25  Probe (Chrono Boost)  
  19  1:39  Probe (Chrono Boost)  
  19  1:41  Core Forge  
  20  1:53  Probe (Chrono Boost)  
  21  2:08  Probe (Chrono Boost)  
  22  2:11  Xel'Naga Ambusher  
  24  2:33  Constructs Facility  
  24  2:39  Xel'Naga Shieldguard  
  24  2:46  Xel'Naga Shieldguard  
  26  3:05  Xel'Naga Ambusher  
  28  3:46  Constructs Bay  
  28  3:51  Xel'Naga Void Array x2  
  29  4:23  Serdath Legion  
  29  4:58  Ancient Nexus  
  29  5:14  Xel'Naga Void Array x2  
  30  5:49  Xel'Naga Void Array  
  30  6:04  Xel'Naga Abrogator  
  33  6:26  Xel'Naga Watcher  
  33  6:50  Serdath Legion  
  33  6:58  Probe (Chrono Boost)  
  35  7:01  Xel'Naga Void Array  
  35  7:02  Probe (Chrono Boost)  
  35  7:12  Probe (Chrono Boost)  
  35  7:14  Xel'Naga Void Array  
  35  7:19  Probe (Chrono Boost)  
  37  7:26  Probe (Chrono Boost)  
  38  7:35  Probe (Chrono Boost)  
  39  7:40  Probe (Chrono Boost)  
  39  7:44  Xel'Naga Void Array  
  40  8:04  Xel'Naga Abrogator  
  43  8:10  Xel'Naga Shieldguard x2  
  43  8:12  Probe (Chrono Boost)  
  43  8:16  Xel'Naga Void Array, Probe (Chrono Boost)  
  47  8:26  Probe (Chrono Boost)  
  47  8:29  Xel'Naga Ambusher  
  50  8:33  Probe (Chrono Boost)  
  51  8:41  Xel'Naga Void Array  
  51  9:00  Xel'Naga Ambusher x2  
  51  9:06  Unknown x3  
  51  9:09  Unknown x3  
  55  9:13  Unknown x3  
  55  9:14  Unknown x3  
  55  9:16  Xel'Naga Void Array  
  55  9:18  Unknown x3  
  54  9:20  Xel'Naga Abrogator, Unknown x3  
  54  9:21  Xel'Naga Void Array  
  54  9:25  Unknown x3  
  54  9:26  Xel'Naga Ambusher  
  54  9:27  Unknown x3  
  59  9:33  Unknown x6  
  59  9:39  Unknown x6  
  59  9:45  Unknown x3  
  59  9:46  Unknown x3  
  59  9:48  Unknown x3  
  59  9:49  Unknown x3, Xel'Naga Void Array  
  59  9:50  Xel'Naga Ambusher  
  59  9:52  Probe (Chrono Boost)  
  59  9:53  Unknown x6  
  59  9:55  Probe (Chrono Boost)  
  59  9:56  Unknown x3  
  59  9:58  Xel'Naga Watcher  
  59  9:59  Unknown x3  
  63  10:01  Unknown x3  
  63  10:02  Unknown x3  
  63  10:04  Unknown x3  
  63  10:05  Unknown x3  
  63  10:06  Probe (Chrono Boost)  
  63  10:07  Unknown x3  
  65  10:10  Xel'Naga Watcher  
  65  10:11  Unknown x3  
  65  10:12  Unknown x3, Probe (Chrono Boost)  
  65  10:13  Unknown x3  
  65  10:14  Xel'Naga Void Array  
  65  10:17  Unknown x3  
  65  10:19  Unknown x3  
  63  10:20  Unknown x3  
  63  10:21  Xel'Naga Ambusher  
  63  10:22  Xel'Naga Shieldguard  
  63  10:24  Unknown x3  
  63  10:25  Unknown x3  
  63  10:26  Unknown x3  
  63  10:28  Unknown x3  
  66  10:30  Unknown x3  
  66  10:34  Unknown x3  
  66  10:36  Unknown x3  
  66  10:37  Serdath Legion  
  66  10:38  Unknown x3  
  66  10:39  Unknown x3  
  64  10:40  Unknown x3  
  64  10:44  Unknown x3  
  64  10:46  Unknown x3  
  64  10:47  Unknown x3  
  64  10:49  Unknown x3  
  64  10:52  Unknown x3  
  64  10:53  Unknown x3  
  64  11:04  Unknown x3  
  64  11:10  Unknown x3  
  64  11:12  Unknown x6  
  64  11:16  Unknown x3  
  64  11:18  Xel'Naga Abrogator  
  64  11:21  Unknown x3  
  64  11:22  Unknown x6  
  64  11:23  Xel'Naga Ambusher  
  64  11:24  Xel'Naga Ambusher  
  64  11:25  Xel'Naga Void Array  
  64  11:28  Unknown x3  
  64  11:29  Unknown x6  
  71  11:33  Unknown x3  
  71  11:34  Unknown x3  
  71  11:35  Unknown x3  
  71  11:37  Xel'Naga Void Array  
  71  11:41  Unknown x6  
  71  11:42  Unknown x3  
  71  11:46  Unknown x6  
  71  11:47  Unknown x3  
  71  11:50  Unknown x3  
  71  11:53  Unknown x6  
  71  11:55  Unknown x3  
  71  11:59  Unknown x6  
  71  12:00  Unknown x3  
  71  12:01  Unknown x3  
  71  12:04  Unknown x3  
  71  12:05  Unknown x3  
  71  12:06  Unknown x3  
  71  12:07  Unknown x3  
  71  12:10  Unknown x3  
  71  12:12  Unknown x6  
  71  12:13  Unknown x3  
  71  12:16  Xel'Naga Abrogator, Unknown x6  
  71  12:17  Unknown x3  
  71  12:19  Unknown x3  
  71  12:21  Xel'Naga Ambusher  
  71  12:22  Unknown x6  
  71  12:23  Unknown x3  
  71  12:26  Unknown x3  
  71  12:27  Unknown x3  
  71  12:29  Unknown x3  
  74  12:30  Unknown x6  
  74  12:34  Unknown x3  
  74  12:35  Unknown x6  
  74  12:39  Serdath Legion  
  69  12:40  Unknown x3  
  69  12:41  Unknown x3  
  69  12:42  Unknown x3  
  69  12:43  Unknown x6  
  69  12:46  Unknown x6  
  69  12:47  Unknown x3  
  69  12:48  Unknown x3  
  64  12:50  Unknown x3  
  64  12:52  Unknown x3  
  64  12:53  Unknown x3  
  64  12:54  Unknown x3  
  64  12:57  Unknown x3  
  64  12:59  Unknown x3  
  64  13:03  Unknown x3  
  64  13:05  Xel'Naga Ambusher, Unknown x3  
  64  13:06  Xel'Naga Ambusher  
  64  13:08  Unknown x3  
  64  13:09  Unknown x3  
  68  13:11  Unknown x6  
  68  13:12  Unknown x3  
  68  13:13  Unknown x3  
  68  13:16  Unknown x6, Xel'Naga Void Array  
  68  13:17  Unknown x3  
  68  13:18  Unknown x3  
  68  13:19  Unknown x3  
  68  13:22  Unknown x6  
  68  13:24  Unknown x6  
  68  13:26  Xel'Naga Ambusher, Unknown x3  
  68  13:29  Unknown x9  
  70  13:30  Unknown x3  
  70  13:33  Unknown x3  
  70  13:35  Unknown x6  
  70  13:36  Unknown x6  
  70  13:38  Unknown x3  
  70  13:40  Unknown x3  
  70  13:41  Xel'Naga Abrogator, Unknown x3  
  70  13:42  Unknown x6  
  70  13:44  Unknown x3  
  70  13:47  Unknown x3  
  70  13:48  Unknown x6  
  70  13:49  Unknown x3  
  69  13:51  Unknown x3  
  69  13:53  Xel'Naga Ambusher, Unknown x6  
  69  13:54  Unknown x3  
  69  13:57  Unknown x6  
  69  13:59  Unknown x3  
  71  14:00  Unknown x3  
  71  14:01  Unknown x3  
  71  14:02  Unknown x3  
  71  14:04  Unknown x3  
  71  14:05  Unknown x3  
  71  14:06  Unknown x6  
  71  14:09  Unknown x3  
  65  14:10  Unknown x3  
  65  14:11  Unknown x3  
  65  14:12  Unknown x6  
  65  14:14  Unknown x6  
  65  14:15  Unknown x3  
  65  14:16  Unknown x3  
  65  14:17  Unknown x6  
  65  14:19  Unknown x9  
  63  14:23  Unknown x3  
  63  14:25  Unknown x6  
  63  14:26  Unknown x3  
  63  14:28  Unknown x6  
  63  14:29  Unknown x3  
  47  14:30  Unknown x3  
  47  14:31  Unknown x3  
  47  14:32  Unknown x3  
  47  14:33  Unknown x6  
  47  14:35  Unknown x3  
  42  14:43  Ancient Nexus  
Tags
 
Add a new tag
Caveats
  • Supply blocks, unpowered buildings, or Contaminate may cause inaccurate times.
  • Supply counts are checked every 10 seconds.